 Dungeon Crawl Stone Soup version 0.31-a0-1540-g5a0b83f448 (webtiles) character file.

Game seed: 10209871638146045520

331 bmb222 the Ruffian (level 6, -1/41 HPs)
             Began as an Octopode Shapeshifter on Jan 1, 2024.
             Slain by a cerulean imp
             ... wielding a +2 spear
             ... summoned by Natasha
              (3 damage)
             ... on level 3 of the Dungeon.
             The game lasted 00:02:02 (1996 turns).

bmb222 the Ruffian (Octopode Shapeshifter)          Turns: 1996, Time: 00:02:03

Health: -1/41      AC:  1    Str: 15    XL:     6   Next: 52%
Magic:  0/6        EV: 14    Int: 12    God:
Gold:   51         SH:  5    Dex: 18    Spells: 5/5 levels left

rFire   . .          .
                       - Unarmed
rCold   . . .        k - +1 buckler
rNeg    . . .        (helmet currently unavailable)
rPois   .            e - amulet of guardian spirit
rElec   .            j - +6 ring of dexterity
rCorr   .            (no ring)
SInv    .            (no ring)
Will    .....        (no ring)
Stlth   ++++         (no ring)
HPRegen 0.26/turn    (no ring)
MPRegen 0.10/turn    (no ring)
                     (no ring)

%: guardian spirit
@: beast-form
A: beast (slay +2), almost no armour, amphibious, 8 rings, camouflage 1,
gelatinous body 1, (nimble swimmer 1), tentacles
a: Begin Untransformation


You were on level 3 of the Dungeon.
You were a hulking beast.
You visited 1 branch of the dungeon, and saw 3 of its levels.

You collected 51 gold pieces.

Inventory:

Armour
 k - a +1 buckler (worn)
Jewellery
 e - an amulet of guardian spirit (around mantle)
 j - a +6 ring of dexterity (left tentacle)
 m - a ring of ice
Talismans
 b - a beast talisman
 c - a flux talisman
Scrolls
 d - a scroll of poison
 g - 2 scrolls of fog
 i - a scroll of identify
Potions
 a - a potion of lignification
 h - 2 potions of mutation {unknown}


   Skills:
 + Level 2.9 Fighting
 + Level 3.4 Dodging
 + Level 3.6 Stealth
 + Level 4.1 Unarmed Combat
 + Level 4.0 Shapeshifting


You had 5 spell levels left.
You didn't know any spells.
Your spell library contained the following spells:

 Spells                   Type           Power      Damage    Failure   Level
 Summon Small Mammal      Summ           0%         N/A       41%         1
 Lesser Beckoning         Tloc           0%         N/A       56%         2
 Scorch                   Fire           0%         2d5       56%         2
 Gell's Gravitas          Tloc           0%         N/A       80%         3
 Inner Flame              Hex/Fire       0%         N/A       80%         3
 Teleport Other           Tloc           0%         N/A       80%         3
 Summon Hydra             Summ           0%         N/A       100%        7
 Animate Armour           Summ/Erth      Unusable   N/A       N/A         4

Dungeon Overview and Level Annotations

Branches:
Dungeon (3/15)

Altars:
Ashenzari

Annotations:
D:3 Natasha


Innate Abilities, Weirdness & Mutations

You are a hulking beast.
Your limbs bulge with bestial killing power. (Slay +2)
You cannot wear most types of armour.
You are amphibious.
You can wear up to eight rings at the same time.
Your skin changes colour to match your surroundings (Stealth+).
Your rubbery body absorbs attacks. (AC +1, EV +1)
((You are camouflaged when in or above water. (Stealth+)))
You have tentacles for arms and can constrict up to eight enemies at once.


Message History

As you read the scroll labelled ONEASY RIPEBRU, it crumbles to dust.
It is a scroll of identify.
d - a scroll of poison Natasha mumbles some strange words.
The goblin hits you with a +0 dagger. The goblin completely misses you.
The goblin hits you but does no damage.
As you read the scroll labelled WUAT PYSSAORADO, it crumbles to dust.
It is a scroll of enchant armour.
Your +0 buckler glows green for a moment.
Natasha casts a spell.
The goblin barely misses you. The goblin hits you with a +0 club.
* * * LOW HITPOINT WARNING * * *
The goblin hits you with a +0 dagger.
* * * LOW HITPOINT WARNING * * *
Blink to where?
Press: ? - help, Dir - move target, f - you Blink to where?
Press: ? - help, Dir - move target
As you read the scroll labelled OKHURA LAUXA, it crumbles to dust.
It was a scroll of blinking.
The goblin hits you with a +0 dagger.
* * * LOW HITPOINT WARNING * * *
The goblin attacks as it pursues you! You block the goblin's attack.
The goblin attacks as it pursues you! The goblin hits you with a +0 club.
* * * LOW HITPOINT WARNING * * *
The goblin attacks as it pursues you! You block the goblin's attack.
The goblin attacks as it pursues you! The goblin hits you but does no damage.
The goblin no longer looks unusually strong.
Natasha casts a spell.
The goblin misses you. The goblin attacks as it pursues you!
You block the goblin's attack.
The goblin no longer looks unusually strong.
The goblin attacks as it pursues you! The goblin barely misses you.
The cerulean imp attacks as it pursues you!
The cerulean imp hits you from afar with a +2 spear.
* * * LOW HITPOINT WARNING * * *
You see here a dart slug corpse.
The goblin attacks as it pursues you! The goblin hits you with a +0 club.
* * * LOW HITPOINT WARNING * * *
The cerulean imp hits you from afar with a +2 spear.
You die...

#....##..§.§§.§#
#####
#..gg##...§§...#
.....
#....##...§....#
.....
#....##........#
.####
#....##........#
#....##.h......#
#.##)##g.......#
#.##.##gg5.....#
#.#....h.......#
#.#.≈≈≈≈≈≈≈....#
#.#...≈≈≈≈≈≈.###
#.#.8.))._≈≈.#
#.....≈≈†≈≈≈.#
##..≈≈≈≈≈≈≈..#
##..........#
############


You could see Natasha, a cerulean imp (summoned) and 3 goblins.

Vanquished Creatures
  Sigmund (D:2)
  A hound (D:3)
  Terence (D:2)
  Natasha (D:3)
  Robin (D:3)
  An adder (D:2)
  3 dart slugs
  A ribbon worm (D:2)
  2 orcs (D:3)
  2 ball pythons
  7 bats
  5 endoplasms
  5 giant cockroaches
  8 goblins
  11 hobgoblins
  3 quokkas
  2 frilled lizards
  3 kobolds
  2 rats
60 creatures vanquished.

Notes
Turn   | Place    | Note
-------+----------+-------------------------------------------
     0 | D:1      | bmb222 the Octopode Shapeshifter began the quest for the
                  | Orb.
     0 | D:1      | Reached XP level 1. HP: 13/13 MP: 1/1
   224 | D:1      | Reached XP level 2. HP: 18/18 MP: 2/2
   555 | D:1      | Reached XP level 3. HP: 23/23 MP: 3/3
   559 | D:1      | Reached skill level 1 in Stealth
   860 | D:2      | Got the Compendium of the Burnt Commander
   949 | D:2      | Noticed Terence
   955 | D:2      | Killed Terence
   956 | D:2      | Reached XP level 4. HP: 26/29 MP: 4/4
  1342 | D:2      | Noticed Sigmund
  1351 | D:2      | Killed Sigmund
  1352 | D:2      | Reached XP level 5. HP: 33/35 MP: 5/5
  1352 | D:2      | Reached XP level 6. HP: 39/41 MP: 6/6
  1760 | D:3      | Noticed Natasha
  1766 | D:3      | Killed Natasha
  1777 | D:3      | Found a broken altar of Ashenzari.
  1922 | D:3      | Noticed Robin
  1980 | D:3      | Noticed Natasha
  1984 | D:3      | Killed Robin
  1996 | D:3      | HP: 2/41 [goblin/+0 club[Robin] (2)]
  1996 | D:3      | Slain by a cerulean imp

Illustrated notes

Levels and vault maps discovered:
D:1:      minmay_arrival_five_plusses, layout_loops_corners
D:2:      kennysheep_big_flooded_room, layout_basic, nicolae_titane,
          uniq_terence, uniq_sigmund
D:3:      layout_rooms, mainiacjoe_overflow_catwalk,
          nicolae_figureground_sparkle, uniq_robin, uniq_grinder, uniq_natasha

Skill      XL: |  1  2  3  4  5  6 |
---------------+-------------------+-----
Stealth        | 1 3 |  3.6
Fighting       | 2 |  2.9
Dodging        | 3 |  3.4
Unarmed Combat | 4 |  4.1
Shapeshifting  | 4 |  4.0

Action                     |  1- 3 |  4- 6 || total
---------------------------+-------+-------++-------
  Melee: Unarmed           |    51 |    62 ||   113
         Tentacles         |    16 |    16 ||    32
         Constrict         |    12 |    18 ||    30
         Punch             |       |     3 ||     3
    Use: Scroll            |       |     4 ||     4
   Stab: Sleeping          |     9 |     8 ||    17
 Armour: Skin              |    18 |    35 ||    53
  Dodge: Dodged            |    23 |    47 ||    70
  Block: Buckler           |       |    11 ||    11

Table legend: (Time is in decaauts)
 A = Elapsed time spent in this place.
 B = Non-inter-level travel time spent in this place.
 C = Inter-level travel time spent in this place.
 D = Time resting spent in this place.
 E = Time spent auto-exploring this place.
 F = Levels seen in this place.
 G = Mean time per level.
                   A        B        C        D        E       F      G
               +--------+--------+--------+--------+--------+-----+--------+
         Total |   1989 |   1906 |     83 |    100 |   1435 |   3 |  663.0 |
       Dungeon |   1989 |   1906 |     83 |    100 |   1435 |   3 |  663.0 |
               +--------+--------+--------+--------+--------+-----+--------+

Top non-repeatable levels by time:
     D:1: 852 daAuts
     D:2: 714 daAuts
     D:3: 423 daAuts
